 Dungeon Crawl Stone Soup version 0.29.1-2-gbd0b4ee654 (webtiles) character file.

Game seed: 11486427998313903021

32 GorkyZ the Chopper (level 3, -1/22 HPs)
             Began as a Gargoyle Gladiator on Nov 23, 2022.
             Slain by Sigmund
             ... wielding a +2 antimagic scythe
              (11 damage)
             ... on level 2 of the Dungeon.
             The game lasted 00:01:40 (976 turns).

GorkyZ the Chopper (Gargoyle Gladiator)              Turns: 976, Time: 00:01:42

Health: -1/22      AC:  9    Str: 19    XL:     3   Next: 27%
Magic:  0/3        EV: 11    Int:  8    God:
Gold:   47         SH:  0    Dex: 11    Spells: 2/2 levels left

rFire   . . .      SeeInvis .   a - +0 war axe
rCold   . . .      Faith    .   (no shield)
rNeg    + . .      Spirit   .   f - +0 ring mail
rPois   ∞          Reflect  .   c - +0 helmet
rElec   +          Harm     .   (no cloak)
rCorr   .          Rampage  .   (no gloves)
Will    .....                   (no boots)
Stlth   +.........              (no amulet)
HPRegen 0.07/turn               (no ring)
MPRegen 0.08/turn               (no ring)

@: no status effects
A: sickness immunity, AC +3, negative energy resistance 1, electricity
resistance, torment resistance 1, petrification resistance
a: no special abilities


You were on level 2 of the Dungeon.
You visited 1 branch of the dungeon, and saw 2 of its levels.

You collected 47 gold pieces.

Inventory:

Hand Weapons
 a - a +0 war axe (weapon)
Missiles
 d - 3 throwing nets (quivered)
 e - a javelin
Armour
 b - a +0 leather armour
 c - a +0 helmet (worn)
 f - a +0 ring mail (worn)
Scrolls
 h - 3 scrolls of identify {unknown}
 j - a scroll of enchant armour {unknown}
 l - a scroll of amnesia {unknown}
Potions
 g - 2 potions of attraction {unknown}
 i - a potion of haste {unknown}
 k - a potion of cancellation {unknown}


   Skills:
 + Level 2.4 Fighting
 + Level 2.9 Axes
 + Level 2.0 Throwing
 + Level 1.2 Armour
 + Level 2.6 Dodging
 + Level 1.0 Shields
 + Level 0.5 Evocations


You had 2 spell levels left.
You didn't know any spells.
Your spell library was empty.

Dungeon Overview and Level Annotations

Branches:
Dungeon (2/15)

Altars:

Annotations:
D:2 Sigmund


Innate Abilities, Weirdness & Mutations

You are immune to sickness and miasma.
Your stone body is resilient. (AC +3)
You are immune to poison.
You resist negative energy. (rN+)
You are resistant to electric shocks. (rElec)
You are resistant to unholy torment.
You are immune to petrification.


Message History

You now have 47 gold pieces (gained 3).
You see here a hobgoblin corpse.
Found a stone staircase leading down.
Sigmund and an endoplasm come into view.
Sigmund is wielding a +2 antimagic scythe.
Sigmund shouts!
A frilled lizard comes into view.
The frilled lizard hisses angrily.
Sigmund points at you and mumbles some strange words.
The magic dart hits you but does no damage.
You hit the endoplasm but do no damage. The endoplasm freezes you.
You are frozen.
Sigmund closely misses you.
The endoplasm hits you but does no damage.
You hit the endoplasm but do no damage. The endoplasm misses you.
Sigmund hits you from afar with a +2 antimagic scythe!
You feel your power leaking away.
You hit the endoplasm.
The endoplasm is severely wounded.
You barely miss the frilled lizard. The endoplasm barely misses you.
The frilled lizard closely misses you.
You slash the endoplasm!
You kill the endoplasm!
You closely miss the frilled lizard.
The frilled lizard bites you but does no damage.
Sigmund barely misses you. The frilled lizard bites you.
You are too injured to fight recklessly!
You are too injured to fight recklessly!
You are too injured to fight recklessly!
You are too injured to fight recklessly!
You are too injured to fight recklessly!
Sigmund misses you.
The frilled lizard bites you but does no damage.
You hit Sigmund.
Sigmund is lightly wounded.
You hit the frilled lizard.
You kill the frilled lizard!
Sigmund hits you with a +2 antimagic scythe!
Ouch! That really hurt!
You die...

#######....###
###..^.#
##.#...#
#.###..#
#..###.#
######.....#
#..........#
#..........#
#...@†.!.....#
#.....@........#
#.............>#
#............###
#............#
#............#
#............#
#............#


You could see Sigmund.

Vanquished Creatures
  A worm (D:2)
  A dart slug (D:1)
  2 ball pythons (D:1)
  6 endoplasms
  2 giant cockroaches (D:1)
  2 goblins (D:1)
  2 hobgoblins
  A kobold (D:1)
  2 quokkas
  A bat (D:1)
  4 frilled lizards
24 creatures vanquished.

Notes
Turn   | Place    | Note
-------+----------+-------------------------------------------
     0 | D:1      | GorkyZ the Gargoyle Gladiator began the quest for the Orb.
     0 | D:1      | Reached XP level 1. HP: 12/12 MP: 1/1
   175 | D:1      | Reached XP level 2. HP: 17/17 MP: 2/2
   335 | D:1      | Reached skill level 1 in Armour
   643 | D:1      | Found a faded altar of an unknown god.
   732 | D:1      | Reached XP level 3. HP: 22/22 MP: 3/3
   945 | D:2      | Reached skill level 1 in Shields
   968 | D:2      | Noticed Sigmund
   976 | D:2      | Slain by Sigmund

Illustrated notes

Levels and vault maps discovered:
D:1:      grunt_arrival_crossed_arrows, layout_rooms,
          ebering_ecumenical_altar_sacrificial
D:2:      layout_basic, uniq_natasha, uniq_sigmund

Skill      XL: |  1  2  3 |
---------------+----------+-----
Armour         | 1 |  1.2
Throwing       | 2 |  2.0
Shields        | 1 |  1.0
Fighting       | |  2.4
Axes           | |  2.9
Dodging        | |  2.6
Evocations     | |  0.5

Action                   || total
-------------------------++-------
Melee: War axe           ||    69
       Punch             ||     1
Armor: Ring mail         ||    37
Dodge: Dodged            ||    62
